 Dungeon Crawl Stone Soup version 0.29.1-4-g47bece8355 (webtiles) character file.

Game seed: 17554613333476444659

145 GigaChad the Trooper (level 5, 0/47 HPs)
             Began as a Minotaur Fighter on Dec 3, 2022.
             Slain by a gnoll
             ... wielding a +0 flail
              (5 damage)
             ... on level 5 of the Dungeon.
             The game lasted 00:03:06 (2320 turns).

GigaChad the Trooper (Minotaur Fighter)             Turns: 2320, Time: 00:03:07

Health: 0/47       AC:  7    Str: 22    XL:     5   Next: 6%
Magic:  4/4        EV:  9    Int:  5    God:
Gold:   158        SH:  4    Dex: 10    Spells: 4/4 levels left

rFire   . . .      SeeInvis .   a - +0 war axe
rCold   . . .      Faith    .   c - +0 buckler
rNeg    . . .      Spirit   .   b - +0 scale mail
rPois   .          Reflect  .   (helmet restricted)
rElec   .          Harm     .   (no cloak)
rCorr   .          Rampage  .   (no gloves)
Will    .....                   (no boots)
Stlth   ..........              (no amulet)
HPRegen 0.15/turn               (no ring)
MPRegen 0.09/turn               (no ring)

@: no status effects
A: horns 2, retaliatory headbutt
a: no special abilities


You were on level 5 of the Dungeon.
You visited 1 branch of the dungeon, and saw 4 of its levels.

You collected 158 gold pieces.

Inventory:

Hand Weapons
 a - a +0 war axe (weapon)
Armour
 b - a +0 scale mail (worn)
 c - a +0 buckler (worn)
Scrolls
 f - 2 scrolls of enchant weapon {unknown}
 i - 2 scrolls of amnesia
 j - a scroll of summoning
 k - a scroll of noise
 l - 2 scrolls of enchant armour {unknown}
Potions
 d - a potion of might
 e - a potion of berserk rage {unknown}
 g - 2 potions of degeneration {unknown}
 h - a potion of haste {unknown}


   Skills:
 + Level 4.5 Fighting
 + Level 4.2 Axes
 + Level 4.4 Armour
 - Level 0.4 Dodging
 - Level 0.2 Stealth
 * Level 4.4 Shields


You had 4 spell levels left.
You didn't know any spells.
Your spell library contained the following spells:

 Spells                   Type           Power      Damage    Failure   Level
 Freeze                   Ice            0%         1d3       87%         1
 Call Canine Familiar     Summ           0%         N/A       99%         3
 Frozen Ramparts          Ice            0%         1d1       99%         3
 Portal Projectile        Hex/Tloc       0%         N/A       99%         3
 Hailstorm                Conj/Ice       0%         3d3       100%        4
 Leda's Liquefaction      Hex/Erth       0%         N/A       100%        4


Dungeon Overview and Level Annotations

Branches:
Dungeon (3/15)

Altars:
Dithmenos
Gozag


Innate Abilities, Weirdness & Mutations

You have a pair of horns on your head.
You reflexively headbutt those who attack you in melee.


Message History

You become entangled in the net!
Things that are here:
a throwing net; 14 gold pieces You struggle against the net.
The jackal barks!
You struggle against the net.
The jackal stops to sniff the water.
You rip the net and break free!
The jackal bites you.
The jackal bites you but does no damage.
The gnoll hits you with a +0 flail.
The jackal stops to sniff the water.
The jackal barely misses you. The orc hits you with a +0 club.
The jackal barely misses you.
You hit the orc.
The orc is heavily wounded.
You slash the gnoll! You completely miss the jackal.
You barely miss the jackal. You block the jackal's attack.
The jackal barely misses you. The orc closely misses you.
You furiously retaliate!
You headbutt the orc!
You kill the orc!
The gnoll barely misses you. You block the jackal's attack.
The jackal barely misses you.
The jackal bites you but does no damage.
You barely miss the gnoll.
The gnoll is severely wounded.
You hit the jackal. You barely miss the jackal. You closely miss the jackal.
The jackal bites you but does no damage. x2
The gnoll hits you with a +0 flail! The jackal barely misses you.
The jackal bites you but does no damage.
The jackal barely misses you.
You closely miss the gnoll.
The gnoll is severely wounded.
You barely miss the jackal. x2; You hit the jackal.
You block the jackal's attack. The jackal bites you.
The gnoll hits you with a +0 flail!
* * * LOW HITPOINT WARNING * * *
You block the jackal's attack.
The jackal bites you but does no damage.
You block the jackal's attack. The gnoll hits you with a +0 flail.
You die...

#####++++#######
................
~~~~~....~~~~~~≈
~~~≈~....~≈≈≈~~≈
~~≈~~.h.h~~~≈~~≈
......)@g.......
.######h$#.#####
##.#.######. ###
#..........
....#....#####
...........#
.###.#...)##
#.#.#.## #.#.#.#


You could see a gnoll and 3 jackals.

Vanquished Creatures
  An orc priest (D:3)
  An iguana (D:5)
  Terence (D:2)
  2 adders
  6 orcs
  7 ball pythons
  6 bats
  5 endoplasms (D:1)
  3 goblins
  A jackal (D:5)
  5 kobolds
  2 quokkas (D:1)
  A frilled lizard (D:2)
  6 rats
47 creatures vanquished.

Notes
Turn   | Place    | Note
-------+----------+-------------------------------------------
     0 | D:1      | GigaChad the Minotaur Fighter began the quest for the Orb.
     0 | D:1      | Reached XP level 1. HP: 19/19 MP: 0/0
   121 | D:1      | Reached XP level 2. HP: 26/27 MP: 1/1
   848 | D:2      | Noticed Terence
   850 | D:2      | Found a shadowy altar of Dithmenos.
   854 | D:2      | Killed Terence
   855 | D:2      | Reached XP level 3. HP: 15/33 MP: 2/2
  1992 | D:3      | Reached XP level 4. HP: 32/41 MP: 3/3
  2204 | D:3      | Found an opulent altar of Gozag.
  2256 | D:3      | You fall into a shaft and drop 2 floors!
  2256 | D:5      | Entered Level 5 of the Dungeon
  2308 | D:5      | Reached XP level 5. HP: 37/47 MP: 4/4
  2320 | D:5      | Slain by a gnoll

Illustrated notes

Levels and vault maps discovered:
D:1:      tarquinn_simple_flora_water_e, layout_basic,
          ebering_dispersal_statue_hall, minmay_3d_cube
D:2:      layout_loops_ring, basic_altar, uniq_terence
D:3:      layout_rooms, grunt_gozag_statues, shapermc_ecumenical_altar_rom_forum
D:5:      lemuel_castle_with_subvaults [lemuel_castle_interior_carwin_3],
          layout_loops_corners, mainiacjoe_overflow_24_doors,
          mainiacjoe_overflow_catch_the_wave

Skill      XL: |  1  2  3  4 |
---------------+-------------+-----
Fighting       | 4 |  4.5
Shields        | 4 |  4.4
Axes           | 3 4 |  4.2
Armour         | 4 |  4.4
Dodging        | |  0.4
Stealth        | |  0.2

Action                   |  1- 3 |  4- 6 || total
-------------------------+-------+-------++-------
Melee: War axe           |    57 |    33 ||    90
       Headbutt          |     8 |     3 ||    11
  Use: Scroll            |     6 |       ||     6
Armor: Scale mail        |    36 |    23 ||    59
Dodge: Dodged            |    33 |    20 ||    53
Block: Buckler           |    20 |    15 ||    35
